 Dungeon Crawl Stone Soup version 0.25-a0-890-g62861fb (webtiles) character file.

Game seed: 10761098753675253685, levelgen mode: deterministic

16 BlueFish the Grasshopper (level 2, -8/19 HPs)
             Began as an Octopode Warper on May 10, 2020.
             Mangled by a gnoll
             ... wielding a +0 flail
              (10 damage)
             ... on level 1 of the Dungeon.
             The game lasted 00:01:02 (295 turns).

BlueFish the Grasshopper (Octopode Warper)           Turns: 295, Time: 00:01:02

Health: -8/19      AC:  1    Str: 10    XL:     2   Next: 54%
Magic:  3/5        EV: 13    Int: 15    God:
Gold:   9          SH:  0    Dex: 11    Spells: 1/5 levels left

rFire    . . .     SeeInvis .     - Unarmed
rCold    . . .     Gourm    .   (no shield)
rNeg     . . .     Faith    .   (helmet restricted)
rPois    .         Spirit   .   (no amulet)
rElec    .         Reflect  .   (no ring)
rCorr    .         Harm     .   (no ring)
MR       .....                  (no ring)
Stlth    ++........             (no ring)
HPRegen  0.06/turn              (no ring)
MPRegen  0.09/turn              (no ring)
                                (no ring)
                                (no ring)

@: no status effects
A: almost no armour, stealthy swim, amphibious, 8 rings, constrict 8, camouflage
1, gelatinous body 1
a: no special abilities


You were on level 1 of the Dungeon.
You were not hungry.

You visited 1 branch of the dungeon, and saw 1 of its levels.

You collected 9 gold pieces.

Inventory:

Missiles
 c - 3 boomerangs of dispersal (quivered)
Scrolls
 b - a scroll of blinking
 g - a scroll of identify {unknown}
Potions
 a - 2 potions of haste {unknown}
 e - a potion of cancellation {unknown}
Comestibles
 d - a ration
 f - 4 chunks of flesh


   Skills:
 * Level 2.1 Fighting
 * Level 1.4 Throwing
 * Level 2.6 Dodging
 * Level 0.6 Stealth
 * Level 2.2 Unarmed Combat
 + Level 2.0 Spellcasting
 + Level 3.0 Translocations


You had one spell level left.
You knew the following spells:

 Your Spells              Type           Power        Failure   Level  Hunger
a - Shroud of Golubria    Chrm/Tloc      #.....       19%         2    ###....
b - Blink                 Tloc           N/A          10%         2    ###....

Your spell library contained the following spells:

 Spells                   Type           Power        Failure   Level  Hunger
 Gell's Gravitas          Tloc           ##........   19%         3    ###....
 Lesser Beckoning         Tloc           ##........   19%         3    ###....
 Teleport Other           Tloc           ##......     19%         3    ###....
 Passage of Golubria      Tloc           N/A          54%         4    #####..


Dungeon Overview and Level Annotations

Branches:
Dungeon (1/15)

Altars:


Innate Abilities, Weirdness & Mutations

You cannot wear most types of armour.
You are very stealthy in the water. (Stealth+)
You are amphibious.
You can wear up to eight rings at the same time.
You can use your tentacles to constrict eight enemies at once.
Your skin changes colour to match your surroundings (Stealth+).
Your rubbery body absorbs attacks. (AC +1, EV +1)


Message History

Ouch! That really hurt!
* * * LOW HITPOINT WARNING * * *
Throwing (i - inventory)
c - 5 boomerangs of dispersal (quivered)
Press: ? - help, Shift-Dir - straight line, f - gnoll
Aim: a gnoll, wielding a +0 flail (heavily wounded, constricted by you)
You throw a boomerang of dispersal.
The boomerang of dispersal hits the gnoll but does no damage.
The gnoll is heavily wounded.
Your shroud begins to fray at the edges.
You constrict the gnoll.
Your shroud bends the gnoll's attack away!
Throwing (i - inventory)
c - 4 boomerangs of dispersal (quivered)
Press: ? - help, Shift-Dir - straight line, f/p - gnoll
Aim: a gnoll, wielding a +0 flail (severely wounded, constricted by you)
You throw a boomerang of dispersal.
The boomerang of dispersal hits the gnoll but does no damage.
The gnoll is severely wounded.
You constrict the gnoll. The gnoll hits you with a +0 flail!
Ouch! That really hurt!
You die...

#....#. ....... #....#.
%...... #....#. .......
#...... ...... #...... .
....###########......
...##...............#...
........................
....K.g@...........#....
........................
................รท......#
............####.......#
............# #........
............# #........
............# #........
............# ####....>
####......# #...#.


You could see a gnoll and a kobold.

Vanquished Creatures
  3 dart slugs (D:1)
  A ball python (D:1)
  3 bats (D:1)
  A goblin (D:1)
  A hobgoblin (D:1)
9 creatures vanquished.

Notes
Turn   | Place    | Note
-------+----------+-------------------------------------------
     0 | D:1      | BlueFish the Octopode Warper began the quest for the Orb.
     0 | D:1      | Reached XP level 1. HP: 14/14 MP: 3/3
   107 | D:1      | Reached XP level 2. HP: 15/19 MP: 5/5
   114 | D:1      | Learned a level 2 spell: Shroud of Golubria
   117 | D:1      | Learned a level 2 spell: Blink
   295 | D:1      | Mangled by a gnoll

Levels and vault maps discovered:
D:1:      lemuel_arrival_broad_hall, layout_basic, serial_aquarium,
          aquarium_bridge_square [aquarium_subvault_wall,
          aquarium_subvault_wall, aquarium_subvault_wall,
          aquarium_subvault_bridge], aquarium_window_2, aquarium_window_2,
          aquarium_view_2d, aquarium_view_2a, aquarium_balcony_3a,
          aquarium_pool_2, minmay_tromino_v2

Action                   || total
-------------------------++-------
Melee: Unarmed           ||    28
       Constrict         ||     9
       Tentacles         ||     5
Throw: Boomerang         ||     2
 Cast: Shroud of Golubri ||     4
Armor: Skin              ||     3
Dodge: Dodged            ||    22

Table legend:
 A = Non-vault XP
 B = Vault XP
 C = Vault XP percentage of total XP
 D = Non-vault monster count
 E = Vault monster count
 F = Vault count percentage of total count
                 A         B        C        D         E       F
            +---------+---------+-------+---------+---------+-------
      Total |      20 |       3 |  13.0 |       7 |       2 |  22.2
            +---------+---------+-------+---------+---------+-------
        D:1 |      20 |       3 |  13.0 |       7 |       2 |  22.2
            +---------+---------+-------+---------+---------+-------
